 Dungeon Crawl Stone Soup version 0.21.0-3-g78d12a8 (webtiles) character file.

13974 MTVSty1e the Spear-Bearer (level 11, -1/82 HPs)
             Began as a Demonspawn Gladiator on Jan 17, 2018.
             Slain by a blink frog (14 damage)
             ... on level 1 of the Lair of Beasts.
             The game lasted 00:17:04 (10983 turns).

MTVSty1e the Spear-Bearer (Demonspawn Gladiator)   Turns: 10983, Time: 00:17:06

Health: -1/82      AC:  9    Str: 24    XL:     11   Next: 82%
Magic:  20/20      EV: 14    Int: 11    God:
Gold:   721        SH:  0    Dex: 12    Spells: 10/10 levels left

rFire    . . .     SeeInvis .   a - +1 trident
rCold    . . .     Gourm    .   (no shield)
rNeg     . . .     Faith    .   p - +1 ring mail {rPois}
rPois    +         Spirit   .   (helmet unavailable)
rElec    .         Reflect  .   j - +0 cloak
rCorr    .         Harm     .   (no gloves)
MR       .....     Rnd*Tele +   A - +0 pair of boots
Stlth    +++.......             u - amulet of regeneration
HPRegen  0.63/turn              k - ring of poison resistance
MPRegen  0.17/turn              H - ring of magical power

@: mighty
A: horns 3, clever 1, clumsy 1, nightstalker 2, powered by pain 3, teleportitis
1, MP-powered wands
a: no special abilities


You were on level 1 of the Lair of Beasts.
You were not hungry.

You visited 3 branches of the dungeon, and saw 13 of its levels.
You also visited: Sewer.

You collected 721 gold pieces.

Inventory:

Hand Weapons
 a - a +1 trident (weapon)
 L - a +0 glaive
Missiles
 d - 3 throwing nets (quivered)
Armour
 b - a +1 leather armour
 c - a +0 helmet
 j - a +0 cloak (worn)
 p - a +1 ring mail of poison resistance (worn)
 A - a +0 pair of boots (worn)
Jewellery
 k - a ring of poison resistance (left hand)
 t - an uncursed ring of fire
 u - an amulet of regeneration (around neck)
 H - a ring of magical power (right hand)
 K - an uncursed amulet of rage
Wands
 l - a wand of scattershot (6)
 v - a wand of iceblast (7)
 y - a wand of flame (125)
 B - a wand of acid (25)
 D - a wand of digging (25)
 E - a wand of disintegration (14)
Scrolls
 e - 11 scrolls of teleportation
 m - a scroll of identify
 n - 4 scrolls of enchant armour
 w - 3 scrolls of remove curse
 F - 2 scrolls of amnesia
Potions
 g - 2 potions of flight
 i - 3 potions of curing
 o - a potion of agility
 q - a potion of lignification
 N - a potion of magic
Books
 h - a book of Unlife

   Spells                             Type                      Level
   a - Recall                         Summoning/Translocation      3
   b - Animate Dead                   Necromancy                   4
   c - Borgnjor's Vile Clutch         Necromancy/Earth             5
   d - Death Channel                  Necromancy                   6
   e - Simulacrum                     Ice/Necromancy               6
Comestibles
 f - 13 rations


   Skills:
 + Level 6.3 Fighting
 * Level 14.5 Polearms
 - Level 1.7 Throwing
 + Level 5.3 Armour
 + Level 6.1 Dodging


You had 10 spell levels left.
You didn't know any spells.

Dungeon Overview and Level Annotations

Branches:
Dungeon (11/15)            Temple (1/1) D:6            Lair (1/6) D:10
    Orc (0/2) D:9

Altars:
Ashenzari
Cheibriados
Dithmenos
Elyvilon
Fedhas
Gozag
Hepliaklqana
Kikubaaqudgha
Makhleb
Nemelex Xobeh
Okawaru
Qazlal
Ru
Sif Muna
Trog
Uskayaw
Vehumet
Wu Jian
Xom
Yredelemnul
Zin
The Shining One


Innate Abilities, Weirdness & Mutations

You have a pair of large horns on your head.
You are significantly more attuned to the shadows.
You are powered by pain.
Your mind is acute. (Int +2)
You are clumsy. (Dex -2)
You are occasionally teleported next to monsters.
You expend magic power (3 MP) to strengthen your wands.


Message History

You closely miss the crocodile.
The crocodile is heavily wounded.
The crocodile bites you.
You hit the crocodile.
The crocodile is severely wounded.
The blink frog hits you.
The blink frog blinks!
The crocodile bites you.
* * * LOW HITPOINT WARNING * * *
You closely miss the crocodile. Your headbutt misses the crocodile.
The crocodile is severely wounded.
The blink frog blinks!
You closely miss the crocodile. Your headbutt misses the crocodile.
The crocodile is severely wounded.
The crocodile bites you!
* * * LOW HITPOINT WARNING * * *
You completely miss the crocodile.
The crocodile is severely wounded.
You impale the crocodile!!
You kill the crocodile!
The blink frog hits you!
You die...

#..# #....#
#..####....##
#............
#...........!#
#.......†....#
#............#
#.##.#'#####.#
#.#........#F#
#........#@#
#........#†#
#........#.#
#.........F#
+........#.#
####.###F..##
..........#
.........†..#
............##


You could see 2 blink frogs.

Vanquished Creatures
  Fannar (D:10)
  2 hydras
  A queen ant (D:10)
  The ghost of MTVSty1e the Cruncher, a novice GrGl (D:9)
  Pikel (D:5)
  An ugly thing (D:11)
  Maurice (D:8)
  A spiny frog (Lair:1)
  A gargoyle (D:10)
  A kobold demonologist (D:11)
  5 blink frogs (Lair:1)
  3 hippogriffs
  2 wyverns (D:10)
  3 hogs (D:7)
  A hungry ghost (D:8)
  A human (D:7)
  A yak (D:7)
  3 wargs (D:10)
  Edmund (D:4)
  6 soldier ants (D:10)
  A water moccasin (D:7)
  A porcupine (Lair:1)
  4 orc warriors
  2 ice beasts
  4 sky beasts
  A slave (D:5)
  A black bear (D:9)
  A hornet zombie (D:11)
  A necrophage (D:8)
  An eye of draining (D:8)
  4 ogres
  4 centaurs
  A crocodile (Lair:1)
  10 bullfrogs
  2 big kobolds
  4 scorpions
  2 howler monkeys (D:7)
  4 wights (D:6)
  3 crimson imps
  A bullfrog zombie (D:6)
  2 hounds
  3 jellies
  5 orc priests
  9 orc wizards
  3 centaur skeletons
  An iguana (D:6)
  21 worker ants
  3 hound zombies
  A worker ant zombie (D:6)
  3 gnolls
  2 howler monkey skeletons
  12 adders
  A shadow imp (D:6)
  An ooze (D:3)
  2 adder skeletons
  4 worms
  8 leopard geckos
  32 orcs
  2 giant cockroaches
  9 goblins
  11 hobgoblins
  15 jackals
  22 kobolds
  6 quokkas
  2 ball pythons
  9 bats
  5 frilled lizards
  9 rats
292 creatures vanquished.

Vanquished Creatures (others)
  A centaur zombie (D:5)
  A plant (D:10)
2 creatures vanquished.

Grand Total: 294 creatures vanquished

Notes
Turn   | Place    | Note
-------+----------+-------------------------------------------
     0 | D:1      | MTVSty1e the Demonspawn Gladiator began the quest for the Orb.
     0 | D:1      | Reached XP level 1. HP: 16/16 MP: 1/1
    76 | D:1      | Reached skill level 3 in Polearms
   169 | D:1      | Gained mutation: You have a pair of small horns on your head. [demonic ancestry]
   169 | D:1      | Reached XP level 2. HP: 22/22 MP: 2/2
   728 | D:2      | Noticed a hand axe
   728 | D:2      | Noticed a dagger
   735 | D:2      | Found a hide-covered altar of Uskayaw.
   747 | D:2      | Gained mutation: You sometimes gain a little power by taking damage. [demonic ancestry]
   747 | D:2      | Reached XP level 3. HP: 23/27 MP: 3/3
   822 | D:2      | Found a sparkling altar of Nemelex Xobeh.
   885 | D:2      | Reached skill level 4 in Polearms
  1231 | D:3      | Found a glowing drain.
  1244 | Sewer    | Entered a sewer
  1246 | Sewer    | Gained mutation: You have a pair of horns on your head. [demonic ancestry]
  1246 | Sewer    | Reached XP level 4. HP: 33/33 MP: 4/4
  1296 | Sewer    | Noticed a big kobold
  1320 | Sewer    | Killed a big kobold
  1320 | Sewer    | Reached skill level 5 in Polearms
  1320 | Sewer    | Gained mutation: You have a pair of large horns on your head. [demonic ancestry]
  1320 | Sewer    | Reached XP level 5. HP: 11/38 MP: 5/5
  1416 | Sewer    | Found a glowing silver altar of Zin.
  2474 | D:3      | Reached skill level 6 in Polearms
  2568 | D:4      | Noticed an ogre
  2579 | D:4      | Killed an ogre
  2579 | D:4      | Gained mutation: You sometimes gain power by taking damage. [demonic ancestry]
  2579 | D:4      | Reached XP level 6. HP: 17/44 MP: 6/6
  2789 | D:4      | Reached skill level 7 in Polearms
  2868 | D:4      | Noticed Edmund
  2877 | D:4      | Killed Edmund
  2877 | D:4      | Gained mutation: You are slightly more attuned to the shadows. [demonic ancestry]
  2877 | D:4      | Reached XP level 7. HP: 37/50 MP: 7/7
  2995 | D:5      | Entered Level 5 of the Dungeon
  3035 | D:5      | Reached skill level 8 in Polearms
  3069 | D:5      | Noticed Pikel
  3081 | D:5      | Killed Pikel
  3081 | D:5      | Reached skill level 9 in Polearms
  3081 | D:5      | Reached XP level 8. HP: 25/56 MP: 8/8
  3276 | D:5      | Found a burning altar of Makhleb.
  3580 | D:5      | Reached skill level 10 in Polearms
  3659 | D:5      | Found a stormy altar of Qazlal.
  3664 | D:5      | Noticed an air elemental
  4136 | D:6      | Found a staircase to the Ecumenical Temple.
  4173 | Temple   | Entered the Ecumenical Temple
  4735 | D:6      | Reached skill level 11 in Polearms
  4757 | D:6      | Reached XP level 9. HP: 61/61 MP: 9/9
  5117 | D:7      | Reached skill level 12 in Polearms
  5427 | D:7      | Found an iron altar of Okawaru.
  6200 | D:8      | Noticed Maurice
  6220 | D:8      | Killed Maurice
  6220 | D:8      | Reached skill level 1 in Armour
  6220 | D:8      | Gained mutation: You are powered by pain. [demonic ancestry]
  6220 | D:8      | Reached XP level 10. HP: 44/68 MP: 10/10
  6641 | D:8      | Found a deep blue altar of Sif Muna.
  6641 | D:8      | Found a sacrificial altar of Ru.
  6645 | D:8      | Found a hazy altar of Hepliaklqana.
  7168 | D:9      | Reached skill level 13 in Polearms
  7396 | D:9      | Found a staircase to the Orcish Mines.
  7458 | D:9      | Found a basalt altar of Yredelemnul.
  7468 | D:9      | Noticed MTVSty1e's ghost (novice GrGl)
  7487 | D:9      | Killed MTVSty1e's ghost
  7673 | D:10     | Entered Level 10 of the Dungeon
  7767 | D:10     | Noticed a gargoyle
  7780 | D:10     | Killed a gargoyle
  7877 | D:10     | Noticed a queen ant
  7938 | D:10     | Killed a queen ant
  8293 | D:10     | Gained mutation: You are significantly more attuned to the shadows. [demonic ancestry]
  8293 | D:10     | Reached XP level 11. HP: 47/78 MP: 11/11
  8509 | D:10     | Found a staircase to the Lair.
  8539 | D:10     | Gained mutation: You are robust. (+10% HP) [potion of mutation]
  8539 | D:10     | Gained mutation: You are occasionally teleported next to monsters. [potion of mutation]
  8539 | D:10     | Gained mutation: You have sharp toenails. [potion of mutation]
  8544 | D:10     | Reached skill level 5 in Fighting
  8544 | D:10     | Reached skill level 5 in Dodging
  8585 | D:10     | Lost mutation: You are robust. (+10% HP) [potion of mutation]
  8585 | D:10     | Lost mutation: You have sharp toenails. [potion of mutation]
  8585 | D:10     | Gained mutation: You expend magic power (3 MP) to strengthen your wands. [potion of mutation]
  8585 | D:10     | Gained mutation: You are clumsy. (Dex -2) [potion of mutation]
  8585 | D:10     | Gained mutation: Your mind is acute. (Int +2) [potion of mutation]
  9054 | D:10     | Noticed Fannar
  9096 | D:10     | Killed Fannar
  9774 | D:11     | Noticed a purple ugly thing
  9822 | D:11     | Reached skill level 14 in Polearms
  9925 | D:11     | Killed a purple ugly thing
 10295 | D:11     | Noticed an eight-headed hydra
 10376 | D:11     | Noticed a four-headed hydra
 10392 | D:11     | Killed a four-headed hydra
 10758 | Lair:1   | Entered Level 1 of the Lair of Beasts
 10835 | Lair:1   | Reached skill level 5 in Armour
 10851 | Lair:1   | Noticed an eight-headed hydra
 10859 | Lair:1   | Killed an eight-headed hydra
 10983 | Lair:1   | Slain by a blink frog

Skill      XL: |  1  2  3  4  5  6  7  8  9 10 11 |
---------------+----------------------------------+-----
Polearms       | 3 4 5 6 7 9 11 12 13 14 | 14.5
Dodging        | 3 4 6 |  6.1
Armour         | 1 3 5 |  5.3
Fighting       | 4 6 |  6.3
Throwing       | |  1.7

Action                   |  1- 3 |  4- 6 |  7- 9 | 10-12 || total
-------------------------+-------+-------+-------+-------++-------
Melee: Trident           |   103 |   178 |   382 |   667 ||  1330
       Headbutt          |    10 |    25 |    76 |   115 ||   226
  Use: Scroll            |     6 |     2 |     6 |     6 ||    20
       Potion            |       |     5 |     5 |    17 ||    27
 Stab: Sleeping          |     3 |     1 |     5 |    11 ||    20
       Distracted        |       |       |     1 |       ||     1
  Eat: Chunk             |     1 |     2 |     1 |     2 ||     6
       Ration            |       |     1 |     4 |     4 ||     9
Armor: Leather armour    |    23 |    24 |       |       ||    47
       Skin              |       |    14 |    20 |    56 ||    90
       Ring mail         |       |    23 |    64 |    96 ||   183
Dodge: Dodged            |    44 |    93 |   129 |   229 ||   495
